 Dungeon Crawl Stone Soup version 0.16.1-30-g34a7ffa (webtiles) character file.

5 Noboking the Sneak (level 1, -1/10 HPs)
             Began as a Spriggan Assassin on June 28, 2015.
             Slain by a hobgoblin
             ... wielding a +0 club
              (4 damage)
             ... on level 1 of the Dungeon.
             The game lasted 00:00:31 (177 turns).

Noboking the Sneak (Spriggan Assassin)               Turns: 177, Time: 00:00:31

Health: -1/10      AC:  3    Str:  7    XL:     1   Next: 66%
Magic:  2/2        EV: 17    Int: 12    God:
Gold:   37         SH:  0    Dex: 17    Spells: 0 memorised, 0 levels left

rFire  . . .     SeeInvis +     a - +2 dagger
rCold  . . .     Clarity  .     c - +0 robe
rNeg   . . .     SustAb   .     (shield restricted)
rPois  .         Gourm    .     (helmet restricted)
rElec  .         Spirit   .     d - +0 cloak
rCorr  .         Warding  .     (gloves unavailable)
rMut   .         Stasis   .     (boots unavailable)
MR     .....                    (no amulet)
Stlth  ++++......               (no ring)
                                (no ring)

@: very quick, not resistant to hostile enchantments, stealthy
A: unfitting armour, see invisible, herbivore 3, speed 3, slow metabolism 2
a: no special abilities


You were on level 1 of the Dungeon.
You were not hungry.

You visited 1 branch of the dungeon, and saw 1 of its levels.

You collected 37 gold pieces.

Inventory:

Hand weapons
 a - a +2 dagger (weapon)
 b - a +0 blowgun
Missiles
 e - 23 poisoned needles
 f - 2 curare-tipped needles
Armour
 c - a +0 robe (worn)
 d - a +0 cloak (worn)
 k - a +0 pair of gloves
Jewellery
 h - a cursed -3 ring of strength {unknown}
Scrolls
 j - a scroll of identify {unknown}
Potions
 i - a potion of lignification {unknown}
Comestibles
 g - a bread ration


   Skills:
 + Level 1.5 Fighting
 + Level 2.1 Short Blades
 + Level 2.1 Throwing
 + Level 1.5 Dodging
 * Level 6.4 Stealth


You couldn't memorise any spells.
You didn't know any spells.

Dungeon Overview and Level Annotations

Branches:
Dungeon (1/15)

Altars:


Innate Abilities, Weirdness & Mutations

You are tiny and cannot use many weapons and most armour.
You have supernaturally acute eyesight.
You are a herbivore.
You cover ground extremely quickly.
You need consume almost no food.


Message History

The hobgoblin shouts!
You hit the hobgoblin but do no damage.
The hobgoblin drinks a potion.
The hobgoblin seems to speed up.
You hit the hobgoblin but do no damage. The hobgoblin closely misses you.
You hit the hobgoblin but do no damage. The hobgoblin misses you.
You hit the hobgoblin but do no damage. The hobgoblin closely misses you.
The hobgoblin completely misses you.
You hit the hobgoblin but do no damage. The hobgoblin misses you.
You closely miss the hobgoblin. The hobgoblin closely misses you.
You completely miss the hobgoblin. The hobgoblin completely misses you.
You barely miss the hobgoblin. The hobgoblin misses you.
You hit the hobgoblin but do no damage. The hobgoblin closely misses you.
The hobgoblin hits you with a club.
Ouch! That really hurt!
* * * LOW HITPOINT WARNING * * *
You hit the hobgoblin but do no damage. The hobgoblin misses you.
You hit the hobgoblin but do no damage. The hobgoblin closely misses you.
You hit the hobgoblin but do no damage. The hobgoblin misses you.
You completely miss the hobgoblin. The hobgoblin hits you with a club.
You die...

#######.####.......†.#......
..................#........##
########.####..####.........
#.#...........#.#..## ######
#.#.###..####.#.# .#
###....## #.#.#...........# #
###.......###.#.#.##.####.###
##....##....#.#.#.##..# #(#
......##....#...@g..#. #.#
.....####...###.#.#.#.###.#
.....# ##...#
#.#...#...#.####.## .....#
#..#.# #.#...##...........
#...##
##.##.##.+...+...#.####.##
....# ###.#######...#...#...
....# #....# ##...#.####.#
..### ###..# ###.#....# # ..#
##.## #....#.#


You could see a hobgoblin.

Vanquished Creatures
  A giant cockroach (D:1)
  A giant newt (D:1)
  3 goblins (D:1)
5 creatures vanquished.

Notes
Turn   | Place    | Note
--------------------------------------------------------------
     0 | D:1      | Noboking, the Spriggan Assassin, began the quest for the Orb.
     0 | D:1      | Reached XP level 1. HP: 10/10 MP: 2/2
    76 | D:1      | Reached skill level 6 in Stealth
   177 | D:1      | Slain by a hobgoblin

Action                   || total
-------------------------++-------
Melee: Dagger            ||    32
 Stab: Sleeping          ||     1
